 Dungeon Crawl Stone Soup version 0.29-a0-419-g77450f2105 (webtiles) character file.

Game seed: 14134817585602332399

259 Ijustatesigmund the Firebug (level 6, -1/44 HPs)
             Began as a Gnoll Fire Elementalist on May 18, 2022.
             Blown up by an orc (21 damage)
             ... with a mindburst bolt
             ... on level 4 of the Dungeon.
             The game lasted 00:05:32 (3697 turns).

Ijustatesigmund the Firebug (GnFE)                  Turns: 3697, Time: 00:05:32

Health: -1/44      AC:  8    Str:  7    XL:     6   Next: 17%
Magic:  13/13      EV: 13    Int: 16    God:
Gold:   175        SH:  0    Dex: 13    Spells: 6/15 levels left

rFire   . . .      SeeInvis .   c - +2 rapier (vamp)
rCold   . . .      Faith    .   (no shield)
rNeg    . . .      Spirit   .   a - +0 robe
rPois   .          Reflect  .   (no helmet)
rElec   .          Harm     .   k - +0 cloak
rCorr   +          Rampage  .   g - +0 pair of gloves
Will    .....                   (no boots)
Stlth   +++.......              (no amulet)
HPRegen 0.14/turn               i - +4 ring of protection
MPRegen 0.13/turn               o - ring of resist corrosion

@: no status effects
A: fangs 1, strong nose, distributed training
a: no special abilities


You were on level 4 of the Dungeon.
You visited 1 branch of the dungeon, and saw 4 of its levels.

You collected 175 gold pieces.

Inventory:

Hand Weapons
 c - a +2 vampiric rapier (weapon)
Armour
 a - a +0 robe (worn)
 g - a +0 pair of gloves (worn)
 k - a +0 cloak (worn)
Magical Staves
 e - a staff of poison
Jewellery
 i - a +4 ring of protection (left hand)
 o - a ring of resist corrosion (right hand)
Wands
 d - a wand of iceblast (3)
Scrolls
 f - 3 scrolls of magic mapping
 l - 2 scrolls of teleportation
 p - 3 scrolls of identify
Potions
 b - 2 potions of magic
 h - a potion of attraction {unknown}
 j - 2 potions of invisibility {unknown}
 m - 3 potions of might {unknown}
 n - a potion of berserk rage {unknown}
 q - a potion of brilliance {unknown}
 r - a potion of heal wounds {unknown}
 s - a potion of lignification {unknown}
 t - a potion of haste


   Skills:
 + Level 1.8 Fighting
 + Level 1.8 Short Blades
 + Level 1.8 Long Blades
 + Level 1.8 Axes
 + Level 1.8 Maces & Flails
 + Level 1.8 Polearms
 + Level 1.8 Staves
 + Level 1.8 Slings
 + Level 1.8 Bows
 + Level 1.8 Crossbows
 + Level 1.8 Throwing
 + Level 1.8 Armour
 + Level 4.9 Dodging
 + Level 4.5 Stealth
 + Level 1.8 Shields
 + Level 1.8 Unarmed Combat
 + Level 5.3 Spellcasting
 + Level 2.5 Conjurations
 + Level 1.4 Hexes
 + Level 1.4 Summonings
 + Level 1.4 Necromancy
 + Level 1.4 Translocations
 + Level 1.4 Transmutations
 + Level 5.6 Fire Magic
 + Level 1.4 Ice Magic
 + Level 1.4 Air Magic
 + Level 1.4 Earth Magic
 + Level 1.4 Poison Magic
 + Level 2.0 Invocations
 + Level 1.8 Evocations


You had 6 spell levels left.
You knew the following spells:

 Your Spells              Type           Power      Damage    Failure   Level
a - Foxfire               Conj/Fire      68%        2x1d7     2%          1
b - Scorch                Fire           44%        2d7       2%          2
c - Flame Wave            Conj/Fire      17%        2d6       26%         4
d - Blink                 Tloc           16%        N/A       12%         2

Your spell library contained the following spells:

 Spells                   Type           Power      Damage    Failure   Level
 Freeze                   Ice            32%        1d5       9%          1
 Conjure Flame            Conj/Fire      17%        6-21      9%          3
 Inner Flame              Hex/Fire       15%        N/A       11%         3
 Corpse Rot               Necr/Air       16%        N/A       12%         2
 Frozen Ramparts          Ice            16%        1d3       24%         3
 Lesser Beckoning         Tloc           8%         N/A       24%         3
 Summon Guardian Golem    Hex/Summ       8%         N/A       24%         3
 Hailstorm                Conj/Ice       10%        3d5       54%         4
 Dispel Undead            Necr           8%         3d8       63%         4
 Manifold Assault         Tloc           8%         N/A       92%         5
 Death Channel            Necr           4%         N/A       100%        6
 Orb of Destruction       Conj           6%         9d6       100%        7
 Spellforged Servitor     Conj/Summ      5%         N/A       100%        7


Dungeon Overview and Level Annotations

Branches:
Dungeon (4/15)
 Temple: D:4-7

Altars:


Innate Abilities, Weirdness & Mutations

You have very sharp teeth.
Your uncanny sense of smell can sniff out nearby items.
Your experience applies equally to all skills.


Message History

An orc is nearby!
An orc comes into view. It is wielding a +0 hand axe.
Things that are here:
a +0 whip; an adder corpse An orc comes into view.
It is wielding a +0 club and carrying a wand of mindburst (14).
The orc shouts!
You hear a shout!
The orc shouts!
An orc comes into view. It is wielding a +0 mace.
You see here a +0 club.
The orc zaps a wand.
Your mind is blasted!
You barely miss the orc. You hit the orc but do no damage.
Your bite misses the orc. The orc misses you.
The orc hits you but does no damage.
You puncture the orc!
You kill the orc!
The orc hits you but does no damage. The orc completely misses you.
You closely miss the orc. Your bite misses the orc.
The orc hits you but does no damage. x3
You hit the orc but do no damage. Your bite misses the orc.
The orc hits you but does no damage. The orc closely misses you.
The orc hits you but does no damage.
You closely miss the orc. Your bite misses the orc. The orc misses you.
The orc hits you with a +0 mace. The orc hits you with a +0 hand axe.
You are too injured to fight recklessly!
You are too injured to fight recklessly!
You are too injured to fight recklessly!
You are too injured to fight recklessly!
You are too injured to fight recklessly!
You are too injured to fight recklessly!
You are too injured to fight recklessly!
You are too injured to fight recklessly!
The orc attacks as you move away! The orc hits you but does no damage.
The orc attacks as you move away! The orc hits you with a +0 club.
You see here a +0 club.
The orc attacks as you move away! The orc closely misses you.
Things that are here:
a +0 whip; an adder corpse You barely miss the orc.
Your bite misses the orc. The orc hits you with a +0 club.
You barely miss the orc.
The orc zaps a wand.
Your mind is blasted!
You die...

.# .. ##.......####
.... ..##.
#........#.## ...
.....# #.....).....#
......##....#......###.
.........####..........
....... ###.......... .
##.).# #............
...
##.o####.รท........>
.....#.oo@.............
.....$..###............
........# ##...........
........# #.......#....
......... ##......##...
........# #..##### #..
.!....... #.## ..
........# ... ........)


You could see 3 orcs.

Vanquished Creatures
  A black bear (D:4)
  A hound (D:4)
  Robin (D:3)
  5 adders
  2 worms (D:2)
  3 dart slugs
  2 orcs (D:4)
  3 endoplasms
  4 giant cockroaches
  14 goblins
  8 hobgoblins
  2 quokkas
  7 ball pythons
  5 bats
  3 frilled lizards (D:3)
  13 kobolds
74 creatures vanquished.

Vanquished Creatures (collateral kills)
  3 foxfires (D:3)
3 creatures vanquished.

Vanquished Creatures (others)
  173 foxfires
173 creatures vanquished.

Grand Total: 250 creatures vanquished

Notes
Turn   | Place    | Note
-------+----------+-------------------------------------------
     0 | D:1      | Ijustatesigmund the Gnoll Fire Elementalist began the quest
                  | for the Orb.
     0 | D:1      | Reached XP level 1. HP: 13/13 MP: 6/6
   345 | D:1      | Reached XP level 2. HP: 19/19 MP: 5/7
   696 | D:1      | Learned a level 2 spell: Scorch
  1050 | D:1      | Reached XP level 3. HP: 23/25 MP: 6/9
  1055 | D:1      | Reached skill level 5 in Spellcasting
  1695 | D:2      | Reached skill level 1 in Invocations
  2270 | D:2      | Reached skill level 1 in Fighting
  2270 | D:2      | Reached skill level 1 in Short Blades
  2270 | D:2      | Reached skill level 1 in Long Blades
  2270 | D:2      | Reached skill level 1 in Axes
  2270 | D:2      | Reached skill level 1 in Maces & Flails
  2270 | D:2      | Reached skill level 1 in Polearms
  2270 | D:2      | Reached skill level 1 in Staves
  2270 | D:2      | Reached skill level 1 in Slings
  2270 | D:2      | Reached skill level 1 in Bows
  2270 | D:2      | Reached skill level 1 in Crossbows
  2270 | D:2      | Reached skill level 1 in Throwing
  2270 | D:2      | Reached skill level 1 in Armour
  2270 | D:2      | Reached skill level 1 in Shields
  2270 | D:2      | Reached skill level 1 in Unarmed Combat
  2270 | D:2      | Reached skill level 1 in Evocations
  2270 | D:2      | Reached XP level 4. HP: 32/32 MP: 7/11
  2275 | D:2      | Learned a level 4 spell: Flame Wave
  2278 | D:2      | Learned a level 2 spell: Blink
  2751 | D:3      | Noticed Robin
  2780 | D:3      | Killed Robin
  2781 | D:3      | Reached skill level 1 in Hexes
  2781 | D:3      | Reached skill level 1 in Summonings
  2781 | D:3      | Reached skill level 1 in Necromancy
  2781 | D:3      | Reached skill level 1 in Translocations
  2781 | D:3      | Reached skill level 1 in Transmutations
  2781 | D:3      | Reached skill level 1 in Ice Magic
  2781 | D:3      | Reached skill level 1 in Air Magic
  2781 | D:3      | Reached skill level 1 in Earth Magic
  2781 | D:3      | Reached skill level 1 in Poison Magic
  3211 | D:3      | Found a faded altar of an unknown god.
  3303 | D:4      | Noticed a black bear
  3306 | D:4      | Reached XP level 5. HP: 37/37 MP: 10/12
  3312 | D:4      | Killed a black bear
  3469 | D:4      | Reached XP level 6. HP: 44/44 MP: 10/13
  3697 | D:4      | Blown up by an orc

Illustrated notes

Levels and vault maps discovered:
D:1:      dpeg_arrival_tiny_h, layout_basic, serial_forest,
          infiniplex_forest_end_double, infiniplex_forest_straight_5,
          infiniplex_forest_lined_4_way, infiniplex_forest_clump_curved,
          minmay_pentomino_q2
D:2:      layout_basic
D:3:      layout_rooms, shapermc_ecumenical_altar_mp_ritualfount, uniq_robin
D:4:      layout_cave_pools, kennysheep_little_box,
          nicolae_overflow_hidden_temple

Skill      XL: |  1  2  3  4  5 |
---------------+----------------+-----
Conjurations   | 2 |  2.5
Spellcasting   | 5 |  5.3
Invocations    | 1 2 |  2.0
Fighting       | 1 |  1.8
Short Blades   | 1 |  1.8
Long Blades    | 1 |  1.8
Axes           | 1 |  1.8
Maces & Flails | 1 |  1.8
Polearms       | 1 |  1.8
Staves         | 1 |  1.8
Slings         | 1 |  1.8
Bows           | 1 |  1.8
Crossbows      | 1 |  1.8
Throwing       | 1 |  1.8
Armour         | 1 |  1.8
Shields        | 1 |  1.8
Unarmed Combat | 1 |  1.8
Evocations     | 1 |  1.8
Hexes          | 1 |  1.4
Summonings     | 1 |  1.4
Necromancy     | 1 |  1.4
Translocations | 1 |  1.4
Transmutations | 1 |  1.4
Ice Magic      | 1 |  1.4
Air Magic      | 1 |  1.4
Earth Magic    | 1 |  1.4
Poison Magic   | 1 |  1.4
Dodging        | |  4.9
Stealth        | |  4.5
Fire Magic     | |  5.6

Action                   |  1- 3 |  4- 6 || total
-------------------------+-------+-------++-------
Melee: Dagger            |    11 |    16 ||    27
       Bite              |     2 |     2 ||     4
       Rapier            |       |    19 ||    19
 Cast: Foxfire           |    64 |    38 ||   102
       Scorch            |     8 |    17 ||    25
  Use: Scroll            |     4 |       ||     4
Armor: Robe              |     6 |    22 ||    28
Dodge: Dodged            |    21 |    36 ||    57

Table legend: (Time is in decaauts)
 A = Elapsed time spent in this place.
 B = Non-inter-level travel time spent in this place.
 C = Inter-level travel time spent in this place.
 D = Time resting spent in this place.
 E = Time spent auto-exploring this place.
 F = Levels seen in this place.
 G = Mean time per level.
                   A        B        C        D        E       F      G
               +--------+--------+--------+--------+--------+-----+--------+
         Total |   3695 |   3626 |     69 |    432 |   2650 |   4 |  923.8 |
       Dungeon |   3695 |   3626 |     69 |    432 |   2650 |   4 |  923.8 |
               +--------+--------+--------+--------+--------+-----+--------+

Top non-repeatable levels by time:
     D:1: 1533 daAuts
     D:2: 979 daAuts
     D:3: 786 daAuts
     D:4: 395 daAuts
